Map: Paladino Terminal LE

Players

Musumeci

  • Race: Zerg Zerg
  • League: Diamond
  • Spawn Location: 9:00

CreAtoRXeNoM - Winner!

  • Race: Protoss Protoss
  • League: Diamond
  • Spawn Location: 5:00

VOD

Have the link to the VOD?

Description

Time

  • Played on: March 2, 2017, 8:20 a.m.
  • Length: 7:40
Show
View Real Time Build Order
Export as new Build Order

Musumeci Zerg 

Build Orders: Hatch First 

Get SALT Encoding   

  12  0:03  Drone  
  13  0:08  Drone  
  14  0:20  Extractor  
  13  0:30  Drone  
  15  0:55  Hatchery  
  14  1:01  Drone, Extractor x2  
  14  1:02  Drone  
  16  1:17  Spawning Pool  
  15  1:28  Extractor  
  14  1:45  Overlord  
  14  2:03  Queen, Drone x3  
  19  2:09  Queen  
  21  2:16  Drone x2  
  21  2:20  Drone  
  24  2:25  Drone  
  25  2:36  Drone x2  
  27  2:42  Metabolic Boost  
  28  2:44  Zergling x2  
  28  2:46  Overlord  
  28  2:59  Roach Warren  
  28  3:00  Extractor  
  28  3:01  Drone x2  
  28  3:02  Drone, Extractor  
  28  3:38  Drone x8  
  36  3:48  Overlord  
  36  3:50  Overlord  
  36  4:22  Roach  
  36  4:23  Roach x7  
  52  4:27  Overlord x2  
  52  4:46  Overlord x2  
  52  4:48  Roach x4  
  60  4:56  Roach x3  
  66  5:02  Lair  
  66  5:07  Evolution Chamber  
  64  5:37  Zerg Missile Weapons Level 1  
  64  5:58  Glial Reconstitution  
  64  6:00  Zergling x2  
  64  6:01  Hatchery  
  64  6:02  Drone x3  
  67  6:05  Overlord  
  67  6:06  Overlord x2  
  67  6:26  Roach x11  
  67  6:29  Ravager x2  
  85  6:47  Roach x4  
  70  7:03  Roach x4  
  65  7:16  Roach x3  
Show
View Real Time Build Order
Export as new Build Order

CreAtoRXeNoM Protoss - Winner!

Build Orders: Nexus First 

Get SALT Encoding   

  12  0:01  Probe (Chrono Boost)  
  13  0:11  Probe (Chrono Boost)  
  14  0:20  Pylon  
  14  0:25  Probe (Chrono Boost)  
  15  0:38  Probe (Chrono Boost)  
  16  0:49  Probe (Chrono Boost)  
  17  1:00  Probe (Chrono Boost)  
  18  1:05  Nexus  
  18  1:10  Probe (Chrono Boost)  
  19  1:20  Pylon  
  19  1:23  Probe (Chrono Boost)  
  20  1:44  Gateway  
  20  1:46  Gateway  
  20  1:59  Gateway  
  20  2:01  Probe (Chrono Boost)  
  20  2:03  Assimilator  
  20  2:06  Assimilator  
  21  2:12  Probe (Chrono Boost)  
  22  2:17  Probe (Chrono Boost)  
  24  2:22  Probe (Chrono Boost)  
  24  2:28  Probe (Chrono Boost)  
  25  2:33  Probe (Chrono Boost)  
  26  2:40  Cybernetics Core  
  26  2:41  Zealot  
  28  2:45  Probe (Chrono Boost)  
  28  2:46  Probe (Chrono Boost)  
  30  2:56  Probe x2 (Chrono Boost)  
  32  3:07  Probe x2 (Chrono Boost)  
  34  3:17  Probe x2 (Chrono Boost)  
  34  3:18  Warp Gate  
  34  3:19  Twilight Council  
  36  3:22  Assimilator  
  36  3:28  Probe x2 (Chrono Boost)  
  37  3:38  Probe (Chrono Boost)  
  37  3:39  Adept x2, Mothership Core (Chrono Boost)  
  44  3:43  Resonating Glaives  
  44  3:44  Pylon  
  44  3:49  Probe (Chrono Boost)  
  45  3:58  Probe (Chrono Boost)  
  45  4:02  Adept  
  48  4:06  Pylon  
  48  4:11  Pylon, Probe (Chrono Boost)  
  48  4:13  Probe (Chrono Boost)  
  50  4:23  Probe (Chrono Boost)  
  52  4:25  Probe (Chrono Boost)  
  52  4:32  Gateway  
  52  4:34  Gateway  
  52  4:36  Gateway  
  52  4:39  Gateway  
  52  4:44  Robotics Facility  
  52  4:47  Stalker  
  52  4:51  Stalker  
  56  5:28  Warp Prism  
  58  5:39  Pylon  
  58  5:43  Pylon  
  58  5:44  Pylon  
  58  5:46  Pylon  
  58  5:58  Adept x5  
  58  5:59  Adept x2  
  72  6:25  Adept x3  
  76  6:26  Adept x4  
  76  6:47  Stalker x6  
  76  6:48  Stalker  
  86  7:12  Stalker x5  
  86  7:13  Stalker x2  
  80  7:35  Stalker x2  
  80  7:36  Stalker x5  
Tags
 
Add a new tag
Caveats
  • Supply blocks, unpowered buildings, or Contaminate may cause inaccurate times.
  • Supply counts are checked every 10 seconds.